 Dungeon Crawl Stone Soup version 0.29-a0-717-g6dac4ea423 (webtiles) character file.

Game seed: 7193650056592103863

2 blackman the Sneak (level 1, -5/18 HPs)
             Began as a Human Delver on June 26, 2022.
             Slain by an orc warrior
             ... wielding a +0 long sword
              (16 damage)
             ... on level 7 of the Dungeon.
             The game lasted 00:03:07 (238 turns).

blackman the Sneak (Human Delver)                    Turns: 238, Time: 00:03:08

Health: -5/18      AC:  5    Str: 12    XL:     1   Next: 44%
Magic:  1/1        EV: 16    Int: 10    God:
Gold:   45         SH:  0    Dex: 18    Spells: 0/0 levels left

rFire   . . .      SeeInvis .   a - +0 hand axe
rCold   . . .      Faith    .   (no shield)
rNeg    . . .      Spirit   .   b - +0 leather armour
rPois   .          Reflect  .   (no helmet)
rElec   .          Harm     .   (no cloak)
rCorr   .          Rampage  .   (no gloves)
Will    .....                   (no boots)
Stlth   +++.......              (no amulet)
HPRegen 0.06/turn               f - +6 ring of dexterity
MPRegen 0.07/turn               l - +4 ring of evasion

@: unable to read
A: iridescent scales 1, clumsy 1, screaming 1, inability to read while
threatened 1
a: no special abilities


You were on level 7 of the Dungeon.
You visited 1 branch of the dungeon, and saw 3 of its levels.

You collected 45 gold pieces.

Inventory:

Hand Weapons
 a - a +0 hand axe (weapon)
 k - a +0 war axe
Armour
 b - a +0 leather armour (worn)
Jewellery
 f - a +6 ring of dexterity (left hand)
 l - a +4 ring of evasion (right hand)
Wands
 g - a wand of digging (3)
Scrolls
 c - a scroll of fog


   Skills:
 + Level 3.0 Fighting
 + Level 2.0 Axes
 + Level 2.0 Dodging
 + Level 5.0 Stealth


You couldn't memorise any spells.
You didn't know any spells.
Your spell library was empty.

Dungeon Overview and Level Annotations

Branches:
Dungeon (7/15)
 Temple: D:4-7

Altars:
Dithmenos

Shops:
D:6 ?


Innate Abilities, Weirdness & Mutations

You are partially covered in iridescent scales. (AC +2)
You are clumsy. (Dex -2)
You occasionally shout uncontrollably at your foes.
You occasionally lose the ability to read scrolls when taking damage.


Message History

You hear an angry growl.
You hear two shouts!
A hound comes into view.
The hound attacks as you move away! The hound barely misses you.
The gnoll closely misses you.
The hound stops to sniff the ground.
The hound closely misses you. The gnoll completely misses you.
There is a stone staircase leading down here.
The hound bites you but does no damage. The gnoll misses you.
The hound closely misses you.
You climb downwards.
The orc shouts!
You hear a shout! x2
Found a scroll labelled WECOEPHIMMO.
There is a stone staircase leading up here.
You hit the hound.
The hound is moderately wounded.
The hound misses you. The hound closely misses you.
You hit the hound.
The hound is heavily wounded.
The hound bites you.
An orc priest comes into view. It is wielding a +0 club.
The orc throws a boomerang.
The boomerang hits you but does no damage.
You miss the hound.
The hound is heavily wounded.
The hound completely misses you. The hound misses you.
You barely miss the hound.
The hound is heavily wounded.
The hound bites you but does no damage.
An orc comes into view. It is wielding a +0 hand axe.
The hound bites you.
You barely miss the hound.
The hound is heavily wounded.
You completely miss the orc. The hound completely misses you.
An orc wizard comes into view. It is wielding a +0 dagger.
The hound barely misses you. The orc completely misses you.
The orc warrior hits you with a +0 long sword!
You feel threatened and lose the ability to read scrolls!
Ouch! That really hurt!
You die...

o# .#
###o#
?.o ...
#.#
###o###
#.o@h.#
#.#.#.#
.. ...
.. ##
.#.#.
##
#.....#
# #.# #
..# ###


You could see an orc warrior, a hound, an orc priest, an orc wizard and 2 orcs.

Vanquished Creatures
  A dart slug (D:5)
1 creature vanquished.

Notes
Turn   | Place    | Note
-------+----------+-------------------------------------------
     0 | D:5      | blackman the Human Delver began the quest for the Orb.
     0 | D:5      | Reached XP level 1. HP: 18/18 MP: 1/1
    35 | D:5      | Noticed a jelly
    50 | D:6      | Found a shadowy altar of Dithmenos.
    53 | D:6      | Noticed a scorpion
    68 | D:6      | Noticed a bullfrog
   123 | D:6      | Noticed an iguana
   140 | D:6      | Noticed a hound
   141 | D:6      | Noticed an iguana
   143 | D:6      | Found Yfotz's Magic Scroll Shoppe.
   192 | D:6      | Noticed a black bear
   222 | D:6      | Gained mutation: You occasionally shout uncontrollably at
                  | your foes. [potion of mutation]
   222 | D:6      | Gained mutation: You occasionally lose the ability to read
                  | scrolls when taking damage. [potion of mutation]
   222 | D:6      | Gained mutation: You are clumsy. (Dex -2) [potion of
                  | mutation]
   222 | D:6      | Gained mutation: You are partially covered in iridescent
                  | scales. (AC +2) [potion of mutation]
   229 | D:6      | Noticed a hound
   233 | D:7      | Noticed an orc warrior
   235 | D:7      | Noticed an orc priest
   238 | D:7      | Noticed an orc wizard
   238 | D:7      | Slain by an orc warrior

Illustrated notes

Levels and vault maps discovered:
D:5:      layout_rooms, uniq_prince_ribbit1
D:6:      layout_rooms, nicolae_qazlal_style_of_elements,
          grunt_dithmenos_shadows, serial_shops,
          nicolae_shop_temple_entry_statues_fountains
D:7:      layout_loops_ring, nzn_hepliaklqana_mist_gate, uniq_duvessa

Action                   || total
-------------------------++-------
Melee: Hand axe          ||     8
  Use: Scroll            ||     5
       Potion            ||     5
 Stab: Sleeping          ||     1
Armor: Leather armour    ||     4
Dodge: Dodged            ||    37

Table legend: (Time is in decaauts)
 A = Elapsed time spent in this place.
 B = Non-inter-level travel time spent in this place.
 C = Inter-level travel time spent in this place.
 D = Time resting spent in this place.
 E = Time spent auto-exploring this place.
 F = Levels seen in this place.
 G = Mean time per level.
                   A        B        C        D        E       F      G
               +--------+--------+--------+--------+--------+-----+--------+
         Total |    197 |    189 |      8 |      0 |      0 |   3 |   65.7 |
       Dungeon |    197 |    189 |      8 |      0 |      0 |   3 |   65.7 |
               +--------+--------+--------+--------+--------+-----+--------+

Top non-repeatable levels by time:
     D:6: 150 daAuts
     D:5: 41 daAuts
     D:7: 5 daAuts
